 Dungeon Crawl Stone Soup version 0.25-a0-681-gdf4e720381 (webtiles) character file.

Game seed: 14851516042546714022, levelgen mode: deterministic

651161 Delarado the Slayer (level 27, 0/177 HPs)
             Began as a Gargoyle Fighter on Mar 16, 2020.
             Was the Champion of Okawaru.
             Slain by a yellow draconian
             ... wielding a +0 scimitar
              (2 damage)
             ... on level 5 of the Realm of Zot on Mar 30, 2020.
             The game lasted 06:29:33 (69644 turns).

Delarado the Slayer (Gargoyle Fighter)             Turns: 69644, Time: 06:29:34

Health: 0/177      AC: 49    Str: 40      XL:     27
Magic:  31/31      EV:  8    Int: 17      God:    Okawaru [******]
Gold:   2936       SH:  0    Dex:  9 (10) Spells: 31/37 levels left

rFire    + + .     SeeInvis +   J - +9 demon whip (elec)
rCold    + . .     Gourm    .   w - +7 tower shield {rC+}
rNeg     + + .     Faith    .   T - +7 chain mail of Cisucol {Slay+3}
rPois    ∞         Spirit   .   X - +2 helmet {SInv}
rElec    +         Reflect  +   y - +1 cloak {MR+}
rCorr    +         Harm     .   v - +2 pair of gloves {Str+3}
MR       ++++.                  d - +0 pair of boots of Pan-Flutes {rC- Regen+ Str+10 Int+3}
Stlth    +.........             L - brooch of Shielding {Reflect SH+8}
HPRegen  0.79/turn              a - ring "Keodwoad" {rF+ rN+}
MPRegen  0.22/turn              V - ring of protection from magic

@: resistant, finesse, marked, corroded, very slightly contaminated, held,
invisible
A: big wings, blurry vision 1, deformed body, deterioration 1, frail 1, negative
energy resistance 1, electricity resistance, unbreathing, petrification
resistance, rot immunity, subdued magic 1, AC +20
}: 3/15 runes: decaying, serpentine, abyssal
a: Fly, Heroism, Finesse, Renounce Religion


You were on level 5 of the Realm of Zot.
You worshipped Okawaru.
Okawaru was exalted by your worship.
You were very hungry.

You visited 9 branches of the dungeon, and saw 46 of its levels.
You visited the Abyss 2 times.
You also visited: Gauntlet, Ice Cave and Wizlab.

You collected 7717 gold pieces.
You spent 4781 gold pieces at shops.

Inventory:

Hand Weapons
 g - a +4 sacred scourge of holy wrath
 J - a +9 demon whip of electrocution (weapon)
Missiles
 h - 13 boomerangs (quivered)
 i - 13 silver javelins
 l - 7 boomerangs of dispersal
 q - 21 curare-tipped darts
 M - 8 javelins
Armour
 d - the +0 pair of boots of Pan-Flutes (worn) {rC- Regen+ Str+10 Int+3}
   (You found it on level 6 of the Lair of Beasts)

   It affects your strength (+10).
   It affects your intelligence (+3).
   It makes you vulnerable to cold.
   It increases your rate of regeneration.
 v - a +2 pair of gloves of strength (worn)
 w - a +7 tower shield of cold resistance (worn)
 y - a +1 cloak of magic resistance (worn)
 I - a scarf of cloud immunity
 S - a +1 pair of boots of running
 T - the +7 chain mail of Cisucol (worn) {Slay+3}
   (You bought it in a shop on level 3 of the Snake Pit)

   It affects your accuracy and damage with ranged weapons and melee attacks
   (+3).
 X - a +2 helmet of see invisible (worn)
Jewellery
 a - the ring "Keodwoad" (left hand) {rF+ rN+}
   (You acquired it on level 4 of the Swamp)

   [ring of positive energy]

   It protects you from fire.
   It protects you from negative energy.
 u - an uncursed ring of resist corrosion
 E - the ring of the Tormentor {rC+ Dex+3}
   (You found it on level 4 of the Depths)

   [ring of protection from cold]

   It affects your dexterity (+3).
   It protects you from cold.
 L - the brooch of Shielding (around neck) {Reflect SH+8}
   (You bought it in a shop on level 3 of the Snake Pit)

   [amulet of reflection]

   It shields you and reflects attacks.
   It affects your SH (+8).
 V - a ring of protection from magic (right hand)
Wands
 F - a wand of digging (8)
 G - a wand of scattershot (3)
 Q - a wand of disintegration (5)
 R - a wand of clouds (4)
 U - a wand of acid (41)
Scrolls
 b - 6 scrolls of magic mapping
 c - 6 scrolls of amnesia
 m - 17 scrolls of teleportation
 n - a scroll of summoning
 p - 7 scrolls of fear
 r - 7 scrolls of identify
 B - a scroll of silence
 K - 2 scrolls of torment
 N - 13 scrolls of remove curse
 O - 8 scrolls of fog
 P - 8 scrolls of vulnerability
 W - 6 scrolls of blinking
 Y - 5 scrolls of holy word
Potions
 e - 5 potions of haste
 j - 4 potions of invisibility
 o - 15 potions of curing
 t - 3 potions of magic
 z - a potion of brilliance
 A - 5 potions of mutation
 C - 5 potions of might
 D - 5 potions of ambrosia
 Z - 2 potions of cancellation
Miscellaneous
 s - a phantom mirror
Comestibles
 f - 59 rations
 x - 2 chunks of flesh


   Skills:
 + Level 26.9 Fighting
 - Level 20.0 Maces & Flails
 - Level 6.6 Throwing
 + Level 22.5 Armour
 + Level 10.4 Dodging
 - Level 11.4 Stealth
 - Level 25.0 Shields
 - Level 5.6 Spellcasting
 - Level 8.4 Translocations
 - Level 5.1 Transmutations
 - Level 7.4 Earth Magic
 - Level 9.2 Invocations


You had 31 spell levels left.
You knew the following spells:

 Your Spells              Type           Power        Failure   Level  Hunger
a - Apportation           Tloc           ####..       1%          1    None
b - Passwall              Tmut/Erth      ###.....     2%          2    #......
c - Lesser Beckoning      Tloc           ####......   1%          3    ##.....

Your spell library contained the following spells:

 Spells                   Type           Power        Failure   Level  Hunger
 Gell's Gravitas          Tloc           ####......   1%          3    ##.....
 Beastly Appendage        Tmut           ###...       2%          1    None
 Sticks to Snakes         Tmut           ###.....     3%          2    #......
 Shroud of Golubria       Chrm/Tloc      ##....       5%          2    #......
 Passage of Golubria      Tloc           N/A          6%          4    ####...
 Portal Projectile        Hex/Tloc       ##....       12%         3    ##.....
 Recall                   Summ/Tloc      N/A          12%         3    ##.....
 Petrify                  Tmut/Erth      ###.....     16%         4    ####...
 Animate Skeleton         Necr           N/A          22%         1    None
 Corona                   Hex            #......      22%         1    None
 Foxfire                  Conj/Fire      #...         22%         1    None
 Infusion                 Chrm           #...         22%         1    None
 Magic Dart               Conj           #...         22%         1    None
 Pain                     Necr           #...         22%         1    None
 Shock                    Conj/Air       #...         22%         1    None
 Summon Small Mammal      Summ           #...         22%         1    None
 Spider Form              Tmut/Pois      ##........   22%         3    ##.....
 Lee's Rapid Deconstruct  Erth           ###.......   28%         5    ######.
 Call Imp                 Summ           #.......     32%         2    #......
 Corpse Rot               Necr/Air       N/A          32%         2    #......
 Ensorcelled Hibernation  Hex/Ice        #.....       32%         2    #......
 Poisonous Vapours        Pois/Air       #.....       32%         2    #......
 Searing Ray              Conj           #.....       32%         2    #......
 Slow                     Hex            #.......     32%         2    #......
 Song of Slaying          Chrm           #.......     32%         2    #......
 Swiftness                Chrm/Air       #.......     32%         2    #......
 Ignite Poison            Fire/Tmut/Pois #.......     32%         3    ##.....
 Iskenderun's Mystic Bla  Conj/Tloc      ##......     36%         4    ####...
 Leda's Liquefaction      Hex/Erth       ##........   45%         4    ####...
 Call Canine Familiar     Summ           #.......     56%         3    ##.....
 Confusing Touch          Hex            #.......     56%         3    ##.....
 Conjure Flame            Conj/Fire      #.......     56%         3    ##.....
 Dazzling Flash           Conj/Hex       #.....       56%         3    ##.....
 Inner Flame              Hex/Fire       #.......     56%         3    ##.....
 Mephitic Cloud           Conj/Pois/Air  #.......     56%         3    ##.....
 Ozocubu's Armour         Chrm/Ice       #.......     56%         3    ##.....
 Spectral Weapon          Hex/Chrm       #.......     56%         3    ##.....
 Static Discharge         Conj/Air       #.......     56%         3    ##.....
 Summon Guardian Golem    Hex/Summ       #.......     56%         3    ##.....
 Tukima's Dance           Hex            #.......     56%         3    ##.....
 Vampiric Draining        Necr           #.........   56%         3    ##.....
 Ice Form                 Ice/Tmut       ##......     61%         4    ####...
 Blade Hands              Tmut           ###.......   61%         5    ######.
 Summon Forest            Summ/Tloc      ##........   73%         5    ######.
 Borgnjor's Vile Clutch   Necr/Erth      ##........   80%         5    ######.
 Yara's Violent Unravell  Hex/Tmut       ##........   92%         5    ######.
 Airstrike                Air            #.........   93%         4    ####...
 Animate Dead             Necr           N/A          93%         4    ####...
 Cause Fear               Hex            #.........   93%         4    ####...
 Dispel Undead            Necr           #.......     93%         4    ####...
 Fulminant Prism          Conj/Hex       #.........   93%         4    ####...
 Summon Ice Beast         Ice/Summ       #.......     93%         4    ####...
 Summon Lightning Spire   Summ/Air       #.......     93%         4    ####...
 Bolt of Magma            Conj/Fire/Erth ##........   93%         5    ######.
 Agony                    Necr           #.......     100%        5    ######.
 Aura of Abjuration       Summ           #.........   100%        5    ######.
 Excruciating Wounds      Chrm/Necr      #.........   100%        5    ######.
 Fireball                 Conj/Fire      #.........   100%        5    ######.
 Lightning Bolt           Conj/Air       #.........   100%        5    ######.
 Metabolic Englaciation   Hex/Ice        #.........   100%        5    ######.
 Summon Demon             Summ           #.........   100%        5    ######.
 Summon Mana Viper        Hex/Summ       #.......     100%        5    ######.
 Darkness                 Hex            #.........   100%        6    #######
 Death Channel            Necr           #.........   100%        6    #######
 Eringya's Noxious Bog    Tmut/Pois      ##........   100%        6    #######
 Freezing Cloud           Conj/Ice/Air   #.........   100%        6    #######
 Invisibility             Hex            #.......     100%        6    #######
 Iron Shot                Conj/Erth      ##........   100%        6    #######
 Ozocubu's Refrigeration  Ice            #.........   100%        6    #######
 Shadow Creatures         Summ           N/A          100%        6    #######
 Simulacrum               Ice/Necr       #.........   100%        6    #######
 Starburst                Conj/Fire      #.........   100%        6    #######
 Dragon Form              Tmut           ###.......   100%        7    #######
 Ring of Flames           Chrm/Fire      #.........   100%        7    #######
 Ignition                 Fire           #.........   100%        8    #######
 Dragon's Call            Summ           #.........   100%        9    #######
 Shatter                  Erth           ###.......   100%        9    #######
 Sublimation of Blood     Necr           Unusable     N/A         2    N/A
 Statue Form              Tmut/Erth      Unusable     N/A         6    N/A

Dungeon Overview and Level Annotations

Branches:
Dungeon (15/15)            Temple (1/1) D:7            Lair (6/6) D:11
  Swamp (4/4) Lair:4        Snake (4/4) Lair:2        Slime (0/5) Lair:6
    Orc (2/2) D:12            Elf (0/3) Orc:2        Vaults (4/5) D:13
  Crypt (0/3) Vaults:3     Depths (5/5) D:15            Zot (5/5) Depths:5
  IceCv (visited)          WizLab (visited)         Gauntlet (visited)

Altars:
Ashenzari
Cheibriados
Dithmenos
Elyvilon
Fedhas
Gozag
Hepliaklqana
Kikubaaqudgha
Makhleb
Nemelex Xobeh
Okawaru
Qazlal
Ru
Sif Muna
Trog
Uskayaw
Vehumet
Wu Jian
Xom
Yredelemnul
Zin
The Shining One
Beogh
Jiyva

Shops:
D:4 ::   D:9 %   D:10 [   Orc:2 [=*(   Snake:2 (   Snake:3 ([==*   Vaults:3 ?
Vaults:4 :   Depths:2 !(*   Depths:3 ?([

Portals:
Hell: Depths:1 Depths:2 Depths:3 Depths:4 Depths:5
Abyss: Depths:4
Pandemonium: Depths:2 Depths:3 Depths:5
Ziggurat: Depths:2

Annotations:
Lair:4 exclusion: 2 oklob plants
Lair:5 exclusion: oklob plant
Lair:6 1 runed translucent door
Snake:1 Roxanne
Snake:3 2 transporters, Ipuhuepn's ghost, adept DsNe
Orc:1 Harold; Jorgrun
Vaults:2 3 runed translucent doors, Haet's ghost, veteran GrEE; Sudaz's ghost, veteran MiGl
Zot:4 1 runed translucent door, Bouryr's ghost, master MiFi
Zot:5 Tiamat


Innate Abilities, Weirdness & Mutations

You are resistant to torment.
Your stone body is resilient. (AC +20)
You are immune to poison.
Your large and strong wings let you fly indefinitely.
You resist negative energy. (rN+)
You are resistant to electric shocks. (rElec)
You can survive without breathing.
You are immune to petrification.
You are immune to rotting.
Scrolls take you a little longer to read.
Armour fits poorly on your strangely shaped body.
Your body sometimes deteriorates upon taking damage.
You are frail. (-10% HP)
Your spells are a little easier to cast, but a little less powerful.


Message History

The Orb Guardian drops a net on you. A large net falls onto you!
You become entangled in the net!
An Orb Guardian comes into view.
Found four items.
You see here a throwing net.
Unknown command.
Okay, then.
Unknown command.
You fade into invisibility!
The black draconian breathes lightning at you.
The bolt of lightning misses you. Tiamat throws acid at you.
The glob of acid hits you but does no damage.
The acid corrodes you!
You are splashed with acid.
You resist.
* * * LOW HITPOINT WARNING * * *
You are very lightly contaminated with residual magic.
You struggle against the net.
The black draconian hits you but does no damage.
The yellow draconian hits you with a +0 scimitar.
You die...

**,,,,,,,,,,,,,,,,,,,,,,**
***,,,,,,,,,,,,.....,,**
****,,,,,,,,,.....,**
#▓▓▓▓▓▓▓▓▓▓▓##.....**
###..^..X.d..........,**
##....##....d.........,,**
###...###...d.q..^......,,,**
.....##*,..^.^..d^......,,,,*
....## *,.^....d@..^?...,,,,*
....# *,...:...........,,,,*
...## *,..D.......^....,,,,*
...# *,...............,,,,*
...## *,...../.........,,,,*
....# **......^........,,,**
....## *#..........^...,,**
.....# ##.............,**
######▓▓▓▓####*********###▓▓▓▓


You could see Tiamat, a black draconian monk, a storm dragon, 2 draconians, a
yellow draconian, a green draconian and an Orb Guardian.

Vanquished Creatures
  2 orbs of fire
  Mennas (Depths:3)
  A juggernaut (Depths:4)
  An ancient lich (Zot:5)
  Boris (Vaults:3)
  Bai Suzhen (Snake:4)
  Margery (Depths:5)
  the Lernaean hydra (Swamp:4)
  2 Killer Klowns (Zot:4)
  A caustic shrike (Depths:4)
  2 curse toes
  8 golden dragons
  2 profane servitors
  Nikola (Swamp:3)
  6 bone dragons
  2 hellephants
  An iron giant (Zot:5)
  A Hell Sentinel (Abyss:1)
  A moon troll (WizLab)
  10 Orb Guardians (Zot:5)
  15 tentacled monstrosities
  8 liches
  A titan (Depths:4)
  7 quicksilver dragons
  Asterion (Snake:2)
  Frances (Snake:2)
  31 tentacled starspawn
  8 sphinxes
  Gastronok (Orc:1)
  An Executioner (Abyss:2)
  3 death cobs
  8 shadow dragons
  6 storm dragons
  2 thorn hunters
  The ghost of Hurghodin the Severer, an adept DsBe of Trog (Swamp:1)
  6 nagarajas
  2 daevas (Abyss:3)
  The ghost of Qugul the Severer, a journeyman MiFi of Wu Jian (Swamp:1)
  9 fire giants
  An iron dragon (Depths:5)
  5 draconian monks
  5 tengu reavers
  3 draconian knights
  A deep elf sorcerer (Depths:4)
  2 ghost moths (Zot:3)
  6 draconian scorchers
  7 frost giants
  4 draconian shifters
  A cacodemon (WizLab)
  Aizul (Snake:1)
  6 vault wardens
  The ghost of Uthrepent the Cleaver, a journeyman DDFi of Elyvilon (D:12)
  A balrug (Abyss:3)
  2 deep elf elementalists
  2 war gargoyles (WizLab)
  3 draconian stormcallers (Zot:2)
  A reaper (Depths:3)
  3 spriggan defenders
  39 very ugly things
  11 ironheart preservers
  8 draconian annihilators
  15 stone giants
  5 vampire knights
  2 entropy weavers
  5 green draconians
  Nessos (Lair:4)
  3 deep elf demonologists
  A deep elf annihilator (Vaults:1)
  A lorocyproca (Abyss:3)
  8 black draconians
  8 yellow draconians
  10 purple draconians
  2 spark wasps (Depths:3)
  4 blizzard demons
  10 white draconians
  3 deep elf death magi
  8 red draconians
  8 ettins
  2 eidola (Abyss:3)
  Snorg (Lair:5)
  A jiangshi (Depths:4)
  14 fire dragons
  A green death (Abyss:1)
  17 yaktaur captains
  2 merfolk impalers
  Fannar (Orc:1)
  18 great orbs of eyes
  8 vault guards
  4 shambling mangroves
  12 ice dragons
  16 naga warriors
  96 starcursed masses
  18 hydras
  9 centaur warriors
  20 anacondas
  4 spriggan air magi
  A catoblepas (Lair:6)
  13 rakshasas
  The ghost of Thargor the Grappler, a novice TrEE of Qazlal (D:6)
  A quicksilver dragon skeleton (Abyss:2)
  62 two-headed ogres
  2 death knights
  18 alligators
  4 vampire magi
  5 deep troll shamans
  7 death yaks
  10 hell hogs
  3 tengu warriors
  9 deep troll earth magi
  23 ogre magi
  An orc high priest (Vaults:2)
  8 spriggan berserkers
  Urug (Lair:3)
  2 soul eaters
  4 shock serpents
  14 naga sharpshooters
  Sonja (Orc:1)
  36 thrashing horrors
  5 deep elf knights
  2 sun demons (Abyss:3)
  14 hell knights
  A storm dragon zombie (Abyss:3)
  6 spatial maelstroms
  5 sixfirhies
  2 shadow wraiths
  9 swamp dragons
  26 deep trolls
  20 wretched stars
  An anaconda zombie (Abyss:2)
  2 skeletal warriors (Vaults:3)
  11 salamander mystics
  15 glowing orange brains
  4 unseen horrors
  4 spriggan druids
  An orange crystal statue (WizLab)
  5 flayed ghosts
  The ghost of Notrik the Cleaver, a novice HOFi (D:6)
  3 shadow demons
  2 deep elf archers (Vaults:1)
  5 wizards
  A tengu zombie (Vaults:4)
  An infernal demonspawn (Depths:3)
  A phantasmal warrior (Depths:4)
  6 lindwurms
  9 ironbrand convokers
  13 harpies
  An orb spider (Abyss:3)
  9 deep elf magi
  A mana viper (shapeshifter) (Depths:2)
  A stone giant zombie (Abyss:3)
  6 necromancers
  12 orc knights
  8 naga ritualists
  8 mana vipers
  4 orc sorcerers
  A shining eye (Abyss:3)
  8 wolf spiders
  2 wolf spiders (shapeshifter)
  53 ugly things
  A manticore (D:14)
  A manticore (shapeshifter) (Abyss:3)
  The ghost of dracos369 the Spear-Bearer, a novice MfGl of Hepliaklqana (D:6)
  2 salamanders (shapeshifter)
  11 salamanders
  6 worldbinders
  6 cyclopes
  A dire elephant zombie (Abyss:1)
  The ghost of Zentennen the Magician, a novice OpWz (D:6)
  3 rust devils
  25 naga magi
  12 guardian serpents
  19 moths of wrath
  38 black mambas
  18 vault sentinels
  A stone giant skeleton (Vaults:4)
  A black mamba (shapeshifter) (Depths:4)
  A moth of wrath (shapeshifter) (D:13)
  3 apocalypse crabs (Abyss:3)
  An ice statue (IceCv)
  Psyche (D:11)
  24 smoke demons
  13 elephants
  4 orange demons
  A catoblepas zombie (Abyss:3)
  A fire giant skeleton (Vaults:2)
  14 spiny frogs
  An elephant (shapeshifter) (Depths:4)
  The ghost of a0bad the Cudgeler, a novice MiFi of Hepliaklqana (D:6)
  5 gargoyles (D:9)
  4 eyes of devastation
  A spiny frog (shapeshifter) (Vaults:4)
  9 komodo dragons
  30 yaktaurs
  3 hellions
  10 freezing wraiths
  A kobold demonologist (D:15)
  3 efreet (Abyss:2)
  3 ice devils
  6 rime drakes
  2 tormentors
  A rime drake (shapeshifter) (D:13)
  23 ancient zymes
  A demonic crawler (Abyss:1)
  2 tengu conjurers
  A hellwing (Abyss:3)
  A silent spectre (Abyss:1)
  A meliai (shapeshifter) (Depths:4)
  2 red devils
  8 trolls
  12 polar bears
  9 tyrant leeches
  A shadow dragon simulacrum (Abyss:2)
  50 slime creatures
  A hydra skeleton (Abyss:2)
  A slime creature (shapeshifter) (Depths:1)
  7 dream sheep (Lair:6)
  42 raiju
  8 bog bodies
  21 hornets
  3 hippogriffs (shapeshifter)
  18 blink frogs
  A raiju (shapeshifter) (Vaults:4)
  An ice dragon zombie (Abyss:2)
  9 hippogriffs
  A blink frog (shapeshifter) (Abyss:3)
  A stone giant simulacrum (Abyss:2)
  2 vampires
  A spriggan (shapeshifter) (Depths:4)
  6 wraiths
  14 ynoxinuls
  7 shadows
  A water elemental (Abyss:2)
  37 spriggans
  85 yaks
  3 wyverns
  65 large abominations
  2 yaks (shapeshifter)
  5 fire bats (Abyss:3)
  65 small abominations
  Sigmund (D:2)
  2 basilisks
  18 golden eyes
  6 neqoxecs
  4 hungry ghosts
  A human simulacrum (Vaults:1)
  12 chaos spawn
  33 vampire mosquitoes
  4 wargs
  51 nagas
  7 spatial vortices
  Menkaure (D:6)
  A human zombie (Vaults:4)
  2 acid dragons
  10 water moccasins
  11 insubstantial wisps
  9 swamp worms
  A spiny frog zombie (Abyss:1)
  8 hell hounds
  9 porcupines
  A floating eye (shapeshifter) (Depths:4)
  5 sky beasts
  18 swamp drakes
  3 ice beasts
  A black bear (shapeshifter) (Vaults:2)
  A phantom (D:11)
  60 ogres
  46 orc warriors
  2 black bears
  2 ettin simulacra (Vaults:2)
  A hornet zombie (D:8)
  9 boggarts
  2 necrophages
  11 centaurs
  25 wolves
  9 crocodiles
  A human skeleton (Vaults:2)
  Blork the orc (D:6)
  3 big kobolds
  15 bullfrogs
  A glowing shapeshifter simulacrum (Vaults:4)
  A water moccasin zombie (D:8)
  2 wyvern zombies
  2 troll zombies (Swamp:3)
  4 scorpions
  A troll skeleton (Swamp:3)
  2 wights
  An electric eel (Lair:4)
  4 howler monkeys
  3 centaur zombies
  10 crimson imps
  14 quasits
  A bullfrog zombie (D:12)
  8 hounds
  2 bullfrog skeletons
  18 orc priests
  4 centaur skeletons
  9 iron imps
  5 iguanas
  31 orc wizards
  10 worker ants
  2 worker ant zombies
  6 gnolls
  9 adders
  A shadow imp (D:8)
  19 white imps
  2 ufetubi
  An ooze (D:6)
  An adder zombie (D:6)
  5 worms
  4 leopard geckos
  94 orcs
  A ball python (D:4)
  11 bats
  2 giant cockroaches
  5 goblins
  9 hobgoblins
  10 jackals
  27 kobolds
  5 quokkas
  5 frilled lizards
  3 rats
  2 crawling corpses (Depths:5)
  2 lurking horrors (Abyss:3)
  A plant (Lair:6)
  21 starspawn tentacles
2720 creatures vanquished.

Vanquished Creatures (collateral kills)
  Rupert (Lair:6)
1 creature vanquished.

Vanquished Creatures (others)
  A nagaraja (Snake:4)
  A vault warden (Vaults:1)
  3 stone giants
  A yaktaur captain (Vaults:3)
  3 centaur warriors
  2 naga sharpshooters (Snake:4)
  4 deep elf archers
  A lindwurm (Swamp:4)
  A spiny frog (Swamp:2)
  11 yaktaurs
  A spriggan (Swamp:4)
  An acid dragon (shapeshifter) (Depths:2)
  A boggart (Depths:2)
  2 centaurs
  A white imp (Abyss:3)
  2 orcs
  7 briar patches (Swamp:3)
  68 bushes
  3 fungi (Lair:6)
  4 lurking horrors
  3 plants
  71 starspawn tentacles
  5 withered plants
197 creatures vanquished.

Grand Total: 2918 creatures vanquished

Notes
Turn   | Place    | Note
-------+----------+-------------------------------------------
     0 | D:1      | Delarado the Gargoyle Fighter began the quest for the Orb.
     0 | D:1      | Reached XP level 1. HP: 14/14 MP: 1/1
   698 | D:2      | Reached XP level 2. HP: 19/19 MP: 2/2
   813 | D:2      | Noticed an ogre
   827 | D:2      | Killed an ogre
   827 | D:2      | Reached XP level 3. HP: 10/23 MP: 3/3
   827 | D:2      | Reached XP level 4. HP: 12/28 MP: 4/4
  1265 | D:2      | Reached skill level 5 in Maces & Flails
  1273 | D:2      | Reached XP level 5. HP: 28/32 MP: 5/5
  1617 | D:2      | Noticed Sigmund
  1628 | D:2      | Killed Sigmund
  1628 | D:2      | Reached XP level 6. HP: 37/37 MP: 6/6
  2505 | D:4      | Found a white marble altar of Elyvilon.
  2594 | D:4      | Reached XP level 7. HP: 24/41 MP: 7/7
  2919 | D:4      | Found Wirphianikh's Book Emporium.
  2965 | D:4      | Found Rerrus's Book Emporium.
  3249 | D:5      | Entered Level 5 of the Dungeon
  4269 | D:6      | Found a runed translucent gate.
  4269 | D:6      | Found a runed translucent gate.
  4271 | D:6      | Noticed Zentennen's ghost (novice OpWz)
  4271 | D:6      | Noticed Notrik's ghost (novice HOFi)
  4302 | D:6      | Noticed Blork the orc
  4310 | D:6      | Killed Blork the orc
  4472 | D:6      | Reached XP level 8. HP: 46/46 MP: 8/8
  4900 | D:6      | Found a runed translucent gate.
  4901 | D:6      | Noticed dracos369's ghost (novice MfGl)
  4901 | D:6      | Noticed Thargor's ghost (novice TrEE)
  4901 | D:6      | Noticed a0bad's ghost (novice MiFi)
  4956 | D:6      | Reached skill level 4 in Fighting
  5079 | D:6      | Found a sparkling altar of Nemelex Xobeh.
  5155 | D:6      | Noticed Menkaure
  5160 | D:6      | Killed Menkaure
  5466 | D:7      | Reached skill level 5 in Fighting
  5466 | D:7      | Reached skill level 5 in Armour
  5529 | D:7      | Reached XP level 9. HP: 54/54 MP: 9/9
  6057 | D:7      | Reached skill level 6 in Fighting
  6359 | D:7      | Found a staircase to the Ecumenical Temple.
  6368 | Temple   | Entered the Ecumenical Temple
  6614 | Temple   | Became a worshipper of Warmaster Okawaru
  6831 | D:8      | Found a large runed translucent door.
  6831 | D:8      | Found a large runed translucent door.
  6988 | D:8      | Reached skill level 7 in Fighting
  7018 | D:8      | Found a large runed translucent door.
  7018 | D:8      | Found a large runed translucent door.
  7210 | D:8      | Reached * piety under Okawaru
  7801 | D:8      | Reached skill level 8 in Fighting
  7889 | D:9      | Reached XP level 10. HP: 60/64 MP: 10/10
  7957 | D:9      | Reached ** piety under Okawaru
  7981 | D:9      | Found Gority Mabagg's Food Boutique.
  8005 | D:9      | Reached skill level 5 in Shields
  8292 | D:9      | Noticed a gargoyle
  8311 | D:9      | Killed a gargoyle
  8422 | D:9      | Noticed a two-headed ogre
  8435 | D:9      | Killed a two-headed ogre
  8557 | D:9      | Noticed a gargoyle
  8557 | D:9      | Noticed a gargoyle
  8564 | D:9      | Killed a gargoyle
  8564 | D:9      | Reached *** piety under Okawaru
  8576 | D:9      | Killed a gargoyle
  8715 | D:9      | Noticed a gargoyle
  8720 | D:9      | Killed a gargoyle
  8816 | D:9      | Noticed a gargoyle
  8823 | D:9      | Killed a gargoyle
  8823 | D:9      | Reached skill level 10 in Shields
  8897 | D:10     | Entered Level 10 of the Dungeon
  9026 | D:10     | Reached skill level 1 in Invocations
  9026 | D:10     | Reached XP level 11. HP: 68/68 MP: 11/11
  9220 | D:10     | Noticed a two-headed ogre
  9237 | D:10     | Killed a two-headed ogre
  9237 | D:10     | Reached **** piety under Okawaru
  9545 | D:10     | Found Qovueps's Antique Armour Shoppe.
 10031 | D:11     | Reached skill level 5 in Invocations
 10250 | D:11     | Noticed Psyche
 10259 | D:11     | Killed Psyche
 10465 | D:11     | Noticed a deep elf mage
 10499 | D:11     | Killed a deep elf mage
 10499 | D:11     | Reached ***** piety under Okawaru
 10520 | D:11     | Reached skill level 10 in Maces & Flails
 10526 | D:11     | Received a gift from Okawaru
 10665 | D:11     | Found a staircase to the Lair.
 10960 | Lair:1   | Entered Level 1 of the Lair of Beasts
 11236 | Lair:1   | Reached XP level 12. HP: 53/74 MP: 16/16
 11931 | Lair:1   | You fall into a shaft and drop 1 floor!
 11931 | Lair:2   | Found a staircase to the Snake Pit.
 11954 | Lair:2   | Identified a scroll of acquirement
 12010 | Lair:2   | Noticed a six-headed hydra
 12020 | Lair:2   | Killed a six-headed hydra
 12105 | Lair:2   | Found a gate leading to a gauntlet.
 12117 | Gauntlet | Entered a Gauntlet
 12117 | Gauntlet | Found a transporter.
 12120 | Gauntlet | Found a transporter.
 12123 | Gauntlet | Found a transporter.
 12123 | Gauntlet | Found a transporter.
 12124 | Gauntlet | Found the +3 giant club "Skullcrusher" {speed, Str+7}
 12139 | Gauntlet | Found a transporter.
 12148 | Gauntlet | Noticed a balrug
 12149 | Gauntlet | Found a transporter.
 12169 | Gauntlet | Found a transporter.
 12175 | Gauntlet | Found a transporter.
 12189 | Gauntlet | Noticed an entropy weaver
 12199 | Gauntlet | Found a transporter.
 12219 | Gauntlet | Found a transporter.
 12223 | Gauntlet | Found a transporter.
 12224 | Gauntlet | Noticed a dire elephant
 12231 | Gauntlet | Found a transporter.
 12756 | Lair:3   | Found a frozen archway.
 12885 | IceCv    | Entered an ice cave
 12916 | IceCv    | Received a gift from Okawaru
 13055 | IceCv    | Received a gift from Okawaru
 14692 | IceCv    | Reached XP level 13. HP: 78/78 MP: 12/19
 14909 | IceCv    | Noticed a frost giant
 14928 | IceCv    | Reached skill level 10 in Armour
 14942 | IceCv    | Killed a frost giant
 14988 | IceCv    | Found the cursed necklace of Bloodlust {*Rage +Rage MR++
                  | Int-3 Slay+6 *Curse}
 15274 | Lair:3   | Noticed Urug
 15330 | Lair:3   | Killed Urug
 16345 | Lair:4   | Received a gift from Okawaru
 16551 | Lair:4   | Noticed Nessos
 16668 | Lair:4   | Killed Nessos
 16668 | Lair:4   | Reached skill level 9 in Fighting
 17008 | Lair:4   | Found a staircase to the Swamp.
 17394 | Lair:4   | Gained mutation: Your large and strong wings let you fly
                  | indefinitely. [Gargoyle growth]
 17394 | Lair:4   | Reached XP level 14. HP: 87/87 MP: 20/20
 17751 | Lair:4   | Upgraded the game from 0.25-a0-613-gf4b266557c to
                  | 0.25-a0-617-g20d90ebb82
 17948 | Lair:5   | Reached skill level 10 in Fighting
 17964 | Lair:5   | Reached ****** piety under Okawaru
 18489 | Lair:5   | Received a gift from Okawaru
 18532 | Lair:5   | Noticed Snorg
 18545 | Lair:5   | Killed Snorg
 19308 | D:12     | You fall into a shaft and drop 2 floors!
 19711 | D:13     | You fall into a shaft and drop 2 floors!
 19711 | D:15     | Entered Level 15 of the Dungeon
 19922 | D:13     | Found a gate to the Vaults.
 19943 | D:13     | Reached skill level 11 in Fighting
 20076 | D:12     | Found a runed translucent gate.
 20076 | D:12     | Found a runed translucent gate.
 20076 | D:12     | Found a runed translucent gate.
 20083 | D:12     | Noticed Uthrepent's ghost (journeyman DDFi)
 20484 | D:11     | Upgraded the game from 0.25-a0-617-g20d90ebb82 to
                  | 0.25-a0-634-gd1561dc703
 20536 | D:12     | Found an ornate altar of the Wu Jian Council.
 21166 | D:12     | Found a staircase to the Orcish Mines.
 21597 | D:13     | Received a gift from Okawaru
 22842 | D:15     | Reached XP level 15. HP: 82/96 MP: 21/21
 23030 | D:15     | Reached skill level 12 in Fighting
 23355 | D:15     | Noticed a fire giant
 23378 | D:15     | Killed a fire giant
 23655 | D:15     | Found a staircase to the Depths.
 23850 | D:6      | Killed Notrik's ghost
 23868 | D:6      | Killed Thargor's ghost
 23868 | D:6      | Reached skill level 15 in Shields
 23885 | D:6      | Killed dracos369's ghost
 23896 | D:6      | Killed a0bad's ghost
 23905 | D:6      | Killed Zentennen's ghost
 24241 | Lair:6   | Entered Level 6 of the Lair of Beasts
 24351 | Lair:6   | Noticed Rupert
 24355 | Lair:6   | Upgraded the game from 0.25-a0-634-gd1561dc703 to
                  | 0.25-a0-645-gb4487340cb
 24564 | Orc:1    | Entered Level 1 of the Orcish Mines
 24564 | Orc:1    | Noticed Sonja
 24564 | Orc:1    | Noticed Gastronok
 24602 | Orc:1    | Killed Gastronok
 24625 | Orc:1    | Killed Sonja
 24885 | Orc:1    | Noticed Fannar
 24902 | Orc:1    | Killed Fannar
 25128 | Orc:2    | Entered Level 2 of the Orcish Mines
 25687 | Orc:2    | Found a staircase to the Elven Halls.
 25740 | Orc:2    | Received a gift from Okawaru
 25866 | Orc:2    | Reached skill level 13 in Fighting
 25965 | Orc:2    | Received a gift from Okawaru
 25965 | Orc:2    | Reached skill level 14 in Fighting
 26440 | Orc:2    | Paralysed by an orc sorcerer for 3 turns
 26454 | Orc:2    | HP: 4/101 [orc sorcerer/bolt of fire (11)]
 27022 | Orc:2    | Found Yclafi's Weapon Boutique.
 27022 | Orc:2    | Found Mojug's Jewellery Shoppe.
 27022 | Orc:2    | Found Veho's General Store.
 27022 | Orc:2    | Found Seetruus's Antique Armour Shop.
 27031 | Orc:2    | Bought an uncursed ring of see invisible for 165 gold
                  | pieces
 27090 | Orc:2    | Reached skill level 15 in Fighting
 27309 | Orc:1    | Noticed Jorgrun
 27309 | Orc:1    | Noticed Harold
 27524 | D:10     | Bought a faintly humming scale mail for 207 gold pieces
 27534 | D:10     | Identified the +1 scale mail of Ashenzari's Fury {Dex+4
                  | SInv} (You bought it in a shop on level 10 of the Dungeon)
 27867 | Lair:6   | Reached skill level 1 in Throwing
 27878 | Lair:6   | Reached XP level 16. HP: 82/108 MP: 16/22
 28318 | Lair:6   | Found a runed translucent door.
 28319 | Lair:6   | Found a viscous altar of Jiyva.
 28356 | Lair:6   | Found a staircase to the Slime Pits.
 29124 | Lair:6   | Killed Rupert
 29434 | Lair:6   | Received a gift from Okawaru
 29512 | Lair:6   | Reached skill level 15 in Maces & Flails
 29545 | Lair:6   | Got a pair of spiked boots
 29556 | Lair:6   | Identified the +0 pair of boots of Pan-Flutes {rC- Regen+
                  | Str+10 Int+3} (You found it on level 6 of the Lair of
                  | Beasts)
 29822 | Swamp:1  | Entered Level 1 of the Swamp
 29949 | Swamp:1  | Received a gift from Okawaru
 30521 | Swamp:1  | Found a runed translucent gate.
 30522 | Swamp:1  | Found a runed translucent gate.
 30523 | Swamp:1  | Found a runed translucent gate.
 30534 | Swamp:1  | Noticed Hurghodin's ghost (adept DsBe)
 30534 | Swamp:1  | Noticed Qugul's ghost (journeyman MiFi)
 31075 | Swamp:2  | Got a pair of pitted gloves
 31086 | Swamp:2  | Identified the +1 pair of gloves "Upestem" {+Fly} (You
                  | found it on level 2 of the Swamp)
 31817 | Swamp:3  | Reached XP level 17. HP: 85/113 MP: 23/23
 31986 | Swamp:3  | Noticed Nikola
 32000 | Swamp:3  | Killed Nikola
 32000 | Swamp:3  | Received a gift from Okawaru
 32010 | Swamp:3  | Received a gift from Okawaru
 32730 | Swamp:4  | Entered Level 4 of the Swamp
 33055 | Swamp:4  | Reached skill level 5 in Throwing
 33287 | Swamp:4  | Reached skill level 16 in Fighting
 33493 | Swamp:4  | Identified the amulet of Dieblif {Gourm Str+7} (You
                  | acquired it on level 4 of the Swamp)
 33495 | Swamp:4  | Identified the -3 cloak of the Raven {-Cast rPois rC-
                  | Dex+10} (You acquired it on level 4 of the Swamp)
 33495 | Swamp:4  | Identified the ring "Keodwoad" {rF+ rN+} (You acquired it
                  | on level 4 of the Swamp)
 33629 | Swamp:4  | Received a gift from Okawaru
 33657 | Swamp:4  | Got a distressingly furry ring mail {god gift}
 33659 | Swamp:4  | Identified the +1 ring mail "Hicic" {-Cast +Blink Int+2}
                  | (Okawaru gifted it to you on level 4 of the Swamp)
 33676 | Swamp:4  | Noticed the 27-headed Lernaean hydra
 33688 | Swamp:4  | Killed the 27-headed Lernaean hydra
 33703 | Swamp:4  | Got a decaying rune of Zot
 34025 | Swamp:4  | Upgraded the game from 0.25-a0-645-gb4487340cb to
                  | 0.25-a0-651-g8c222c7a2b
 34685 | Snake:1  | Entered Level 1 of the Snake Pit
 34779 | Snake:1  | Noticed Roxanne
 35096 | Snake:1  | Noticed Aizul
 35115 | Snake:1  | Killed Aizul
 35500 | Snake:2  | Reached XP level 18. HP: 122/122 MP: 24/24
 35506 | Snake:2  | Found Eppe's Antique Weapon Shop.
 35513 | Snake:2  | Bought a scorched great mace for 287 gold pieces
 35520 | Snake:2  | Identified the +5 great mace "Tiefuly" {flame, rF+ Dex+3}
                  | (You bought it in a shop on level 2 of the Snake Pit)
 35534 | Snake:2  | Noticed Frances
 35541 | Snake:2  | Noticed Asterion
 35549 | Snake:2  | Killed Frances
 35577 | Snake:2  | Found an iron altar of Okawaru.
 36133 | Snake:2  | Killed Asterion
 37028 | Snake:3  | Found a transporter.
 37029 | Snake:3  | Found a bloodstained altar of Trog.
 37030 | Snake:3  | Identified the +7 great sword "Zogh" {antimagic, Str+2}
 37030 | Snake:3  | Noticed Ipuhuepn's ghost (adept DsNe)
 37036 | Snake:3  | Found a transporter.
 37039 | Snake:3  | Identified the +3 dire flail of the Blowfly {protect,
                  | *Noise +Blink rElec rPois MR+}
 37050 | Snake:3  | Found Voffezosch's Jewellery Shoppe.
 37061 | Snake:3  | Received a gift from Okawaru
 37096 | Snake:3  | Found Oxo Etik's General Store.
 37148 | Snake:3  | Bought a scroll of blinking for 150 gold pieces
 37197 | Snake:3  | Found Yrualing's Weapon Emporium.
 37236 | Snake:3  | Found Qodeb's Armour Boutique.
 37244 | Snake:3  | Bought the +7 chain mail of Cisucol {Slay+3} for 709 gold
                  | pieces
 37309 | Snake:3  | Identified a +1 pair of boots of running (Okawaru gifted it
                  | to you on level 3 of the Snake Pit)
 37320 | Snake:3  | Bought the brooch of Shielding {Reflect SH+8} for 1913 gold
                  | pieces
 37320 | Snake:3  | Found the brooch of Shielding {Reflect SH+8}
 37551 | Snake:3  | Found Semouca's Jewellery Emporium.
 37557 | Snake:3  | Bought an uncursed ring of resist corrosion for 360 gold
                  | pieces
 37620 | Snake:4  | Entered Level 4 of the Snake Pit
 37621 | Snake:4  | Noticed Bai Suzhen
 37643 | Snake:4  | Killed Bai Suzhen
 38034 | Snake:4  | Found a sparkling altar of Nemelex Xobeh.
 38262 | Snake:4  | Received a gift from Okawaru
 38482 | Snake:4  | Reached XP level 19. HP: 127/127 MP: 25/25
 39307 | Snake:4  | Received a gift from Okawaru
 39530 | Snake:4  | Got a serpentine rune of Zot
 39843 | D:12     | Killed Uthrepent's ghost
 39934 | Vaults:1 | Entered Level 1 of the Vaults
 40792 | Vaults:1 | Reached XP level 20. HP: 132/132 MP: 26/26
 40820 | Vaults:1 | Received a gift from Okawaru
 41107 | Vaults:1 | You fall into a shaft and drop 1 floor!
 41296 | Vaults:2 | Found a roughly hewn altar of Beogh.
 42325 | Vaults:2 | Received a gift from Okawaru
 43407 | D:15     | Found a sacrificial altar of Ru.
 43416 | D:15     | Reached XP level 21. HP: 137/137 MP: 27/27
 43699 | Depths:1 | Entered Level 1 of the Depths
 44095 | Depths:1 | Received a gift from Okawaru
 45045 | Depths:1 | Found a gateway to Hell.
 45403 | Depths:2 | Found Mucifeidd's Assorted Antiques.
 45554 | Depths:2 | Found a one-way gate leading to the halls of Pandemonium.
 45628 | Depths:2 | Found Apnoesad's Weapon Shop.
 45724 | Depths:2 | Received a gift from Okawaru
 45862 | Depths:2 | Noticed a golden dragon
 45873 | Depths:2 | Killed a golden dragon
 46232 | Depths:2 | Reached XP level 22. HP: 144/144 MP: 28/28
 46297 | Depths:2 | Found a gateway to a ziggurat.
 46326 | Depths:2 | Reached skill level 17 in Fighting
 46973 | Depths:2 | Found Veefesm's Distillery.
 47355 | Vaults:2 | Found a runed translucent gate.
 47356 | Vaults:2 | Found a runed translucent gate.
 47356 | Vaults:2 | Found a runed translucent gate.
 47719 | Vaults:2 | Noticed Sudaz's ghost (veteran MiGl)
 47719 | Vaults:2 | Noticed Haet's ghost (veteran GrEE)
 48010 | Vaults:3 | Received a gift from Okawaru
 48164 | Vaults:3 | Found a staircase to the Crypt.
 48758 | Vaults:3 | Found Raosass's Magic Scroll Shoppe.
 48808 | Vaults:3 | Noticed Boris
 48822 | Vaults:3 | Killed Boris
 48822 | Vaults:3 | Reached skill level 18 in Fighting
 49239 | Vaults:3 | Upgraded the game from 0.25-a0-651-g8c222c7a2b to
                  | 0.25-a0-661-g55ea3d2053
 49329 | Vaults:4 | Found a magical portal.
 49414 | WizLab   | Found a transporter.
 49615 | WizLab   | Reached skill level 19 in Fighting
 49809 | WizLab   | Gained mutation: Armour fits poorly on your strangely
                  | shaped body. [a cacodemon]
 49811 | WizLab   | Gained mutation: You are dopey. (Int -2) [a cacodemon]
 50012 | WizLab   | Got a flickering tin amulet
 50013 | WizLab   | Identified the amulet "Yvipnox" {+Rage rPois} (You found it
                  | in a wizard's laboratory)
 50092 | WizLab   | Received a gift from Okawaru
 50175 | WizLab   | Reached skill level 20 in Fighting
 50361 | WizLab   | Found a transporter.
 50369 | WizLab   | Reached XP level 23. HP: 157/157 MP: 29/29
 50384 | WizLab   | Learned a level 2 spell: Searing Ray
 50387 | WizLab   | Learned a level 2 spell: Passwall
 50678 | WizLab   | Reached skill level 1 in Earth Magic
 50708 | WizLab   | Reached skill level 1 in Spellcasting
 50708 | WizLab   | Reached skill level 1 in Transmutations
 50751 | WizLab   | Identified the Compendium of Bewitching Dark Rites
 50862 | Vaults:4 | Paralysed by a great orb of eyes for 3 turns
 50897 | Vaults:4 | Received a gift from Okawaru
 50991 | Vaults:4 | Found Izudufies's Book Shop.
 51289 | Vaults:4 | Reached skill level 5 in Earth Magic
 51918 | Vaults:4 | Reached skill level 5 in Spellcasting
 52120 | Vaults:4 | Reached skill level 5 in Transmutations
 52375 | D:13     | Upgraded the game from 0.25-a0-661-g55ea3d2053 to
                  | 0.25-a0-663-gace7076f2c
 52580 | D:4      | Bought the Volume of Transmigration and the Voyage for 990
                  | gold pieces
 52582 | D:4      | Learned a level 1 spell: Apportation
 52586 | D:4      | Learned a level 3 spell: Lesser Beckoning
 52842 | Depths:3 | Received a gift from Okawaru
 52886 | Depths:3 | Reached skill level 1 in Translocations
 52977 | Depths:3 | Found Huschu's Magic Scroll Shoppe.
 52979 | Depths:3 | Found Otuacupn's Antique Weapon Emporium.
 52981 | Depths:3 | Found Woucudel's Armour Shoppe.
 53336 | Depths:3 | Noticed Mennas
 53357 | Depths:3 | Killed Mennas
 53646 | Swamp:1  | Killed Hurghodin's ghost
 53660 | Swamp:1  | Killed Qugul's ghost
 53670 | Swamp:1  | Identified Warchat's Handbook of the Ghastly Voyage
 54006 | Depths:3 | Reached XP level 24. HP: 164/164 MP: 31/31
 54038 | Depths:3 | Received a gift from Okawaru
 54039 | Depths:3 | Found the +2 Maxwell's thermic engine {flame, freeze}
 54042 | Depths:3 | Reached skill level 5 in Translocations
 54419 | Depths:3 | Reached skill level 21 in Fighting
 55107 | Depths:3 | Received a gift from Okawaru
 55252 | Depths:3 | Got an iridescent morningstar {god gift}
 55253 | Depths:3 | Identified the +1 morningstar of Vaik {pain, Int+3}
                  | (Okawaru gifted it to you on level 3 of the Depths)
 55384 | Depths:4 | Identified the cursed +2 battleaxe of Vonogyqao {flame,
                  | Fragile rElec rF- rC++}
 55384 | Depths:4 | Identified the +0 hunting sling of Wuiluyll {flame, rF- MR+
                  | Dex+5}
 55395 | Depths:4 | Noticed a caustic shrike
 55405 | Depths:4 | Identified the +3 leather armour "Guxot" {Str+6}
 55416 | Depths:4 | Killed a caustic shrike
 55485 | Depths:4 | Paralysed by a sphinx for 4 turns
 55599 | Depths:4 | Received a gift from Okawaru
 55649 | Depths:4 | Reached skill level 1 in Stealth
 55696 | Depths:4 | Found a one-way gate to the infinite horrors of the Abyss.
 56069 | Depths:4 | Reached skill level 22 in Fighting
 56278 | Depths:4 | Noticed a juggernaut
 56300 | Depths:4 | Reached skill level 15 in Armour
 56318 | Depths:4 | Killed a juggernaut
 56318 | Depths:4 | Reached skill level 5 in Stealth
 56338 | Depths:4 | Reached XP level 25. HP: 84/173 MP: 29/31
 56610 | Depths:4 | Got a serpentine tin ring
 56611 | Depths:4 | Identified the ring of the Tormentor {rC+ Dex+3} (You found
                  | it on level 4 of the Depths)
 56625 | Depths:4 | Got a scorched granite ring
 56626 | Depths:4 | Identified the ring of Zeifriw {Str+2 Dex+3 SInv} (You
                  | found it on level 4 of the Depths)
 56717 | Depths:4 | Paralysed by a floating eye for 4 turns
 57143 | Depths:4 | Voluntarily entered the Abyss.
 57143 | Abyss:1  | Found a corrupted altar of Lugonu.
 57190 | Abyss:2  | Found a corrupted altar of Lugonu.
 57704 | Abyss:2  | Upgraded the game from 0.25-a0-663-gace7076f2c to
                  | 0.25-a0-665-ga69d64035b
 57754 | Abyss:2  | Received a gift from Okawaru
 57969 | Abyss:2  | Paralysed by accursed screaming for 1 turns
 57999 | Abyss:3  | Found a radiant altar of Vehumet.
 58234 | Abyss:3  | Lost mutation: You are dopey. (Int -2) [a shining eye]
 58387 | Abyss:3  | Received a gift from Okawaru
 58551 | Depths:4 | Escaped the Abyss
 58595 | Depths:4 | Voluntarily entered the Abyss.
 58918 | Abyss:1  | Received a gift from Okawaru
 59082 | Abyss:1  | Reached skill level 10 in Stealth
 59217 | Abyss:1  | Reached skill level 23 in Fighting
 59543 | Abyss:2  | Received a gift from Okawaru
 59775 | Abyss:2  | Found a corrupted altar of Lugonu.
 59854 | Abyss:2  | Reached XP level 26. HP: 182/182 MP: 31/31
 60170 | Abyss:2  | Found a corrupted altar of Lugonu.
 60171 | Abyss:2  | Found a radiant altar of Vehumet.
 60339 | Abyss:2  | Received a gift from Okawaru
 61178 | Abyss:2  | Got a translucent scale mail
 61179 | Abyss:2  | Identified the +1 scale mail of the Vacuum {+Fly rPois
                  | Slay+3} (You found it on level 2 of the Abyss)
 61620 | Abyss:3  | Found a bloodstained altar of Trog.
 61867 | Abyss:3  | Reached skill level 24 in Fighting
 61943 | Abyss:3  | Gained mutation: Your body sometimes deteriorates upon
                  | taking damage. [a neqoxec]
 61954 | Abyss:3  | Received a gift from Okawaru
 62195 | Abyss:3  | Received a gift from Okawaru
 62202 | Abyss:3  | Found a viscous altar of Jiyva.
 62872 | Abyss:3  | Reached XP level 27. HP: 177/192 MP: 31/31
 62892 | Abyss:3  | Received a gift from Okawaru
 62997 | Abyss:3  | Found a corrupted altar of Lugonu.
 63191 | Abyss:3  | Found a corrupted altar of Lugonu.
 63315 | Abyss:3  | Found a corrupted altar of Lugonu.
 63411 | Abyss:3  | Got an abyssal rune of Zot
 63591 | Abyss:3  | Reached skill level 25 in Fighting
 63686 | Depths:4 | Escaped the Abyss
 63687 | Depths:4 | Upgraded the game from 0.25-a0-665-ga69d64035b to
                  | 0.25-a0-670-g50981ef59b
 63690 | Depths:5 | Entered Level 5 of the Depths
 63725 | Depths:5 | Reached skill level 1 in Dodging
 63835 | Depths:5 | Noticed Margery
 63857 | Depths:5 | Killed Margery
 64309 | Depths:5 | Found a gate to the Realm of Zot.
 64381 | Depths:5 | Received a gift from Okawaru
 64919 | Depths:5 | Upgraded the game from 0.25-a0-670-g50981ef59b to
                  | 0.25-a0-681-gdf4e720381
 64970 | Zot:1    | Entered Level 1 of the Realm of Zot
 65048 | Zot:1    | Reached skill level 5 in Dodging
 65358 | Zot:1    | Received a gift from Okawaru
 65399 | Zot:1    | Got a shimmering helmet {god gift}
 65400 | Zot:1    | Identified the +0 helmet of Yliqujygh {+Fly rPois rN+}
                  | (Okawaru gifted it to you on level 1 of the Realm of Zot)
 66449 | Zot:2    | Reached skill level 26 in Fighting
 67173 | Zot:3    | Received a gift from Okawaru
 67218 | Zot:3    | Noticed an orb of fire
 67218 | Zot:3    | Gained mutation: You are frail. (-10% HP) [an orb of fire]
 67238 | Zot:3    | Killed an orb of fire
 67715 | Zot:4    | Received a gift from Okawaru
 67798 | Zot:4    | Found a runed translucent door,
 67800 | Zot:4    | Noticed Bouryr's ghost (master MiFi)
 68864 | Zot:5    | Entered Level 5 of the Realm of Zot
 68995 | Zot:5    | Received a gift from Okawaru
 69039 | Zot:5    | Noticed an orb of fire
 69045 | Zot:5    | Gained mutation: Your spells are a little easier to cast,
                  | but a little less powerful. [an orb of fire]
 69066 | Zot:5    | Killed an orb of fire
 69369 | Zot:5    | Reached skill level 10 in Dodging
 69595 | Zot:5    | Noticed an ancient lich
 69600 | Zot:5    | Noticed an orb of fire
 69609 | Zot:5    | Killed an ancient lich
 69611 | Zot:5    | Noticed an orb of fire
 69618 | Zot:5    | Noticed an orb of fire
 69623 | Zot:5    | Gained mutation: Scrolls take you a little longer to read.
                  | [an orb of fire]
 69632 | Zot:5    | HP: 7/177 [orb of fire/bolt of fire (20)]
 69642 | Zot:5    | HP: 8/177 [black draconian monk/bolt of lightning[Tiamat]
                  | (4)]
 69642 | Zot:5    | HP: 3/177 [black draconian/bolt of lightning[Tiamat] (5)]
 69642 | Zot:5    | Identified the +4 dragonskin cloak
 69642 | Zot:5    | Noticed Tiamat
 69643 | Zot:5    | HP: 1/177 [acid (3)]
 69644 | Zot:5    | Slain by a yellow draconian

Levels and vault maps discovered:
D:1:      erik_arrival_triangle_small, layout_basic, nrook_loot_triangle
D:2:      layout_basic, first_ration, uniq_sigmund
D:3:      layout_loops_ring
D:4:      layout_loops_ring, elyvilon_altar_5, serial_shops, shop_coins,
          shop_fountains
D:5:      layout_basic, guppyfry_early_lair_pool
D:6:      layout_basic, gammafunk_ghost_cemetery, nemelex_dance_club_becter,
          uniq_blork_the_orc, uniq_menkaure
D:7:      layout_basic, minmay_temple_entry_poolview
D:8:      layout_basic, grunt_pizzeria, minmay_hollow_rounded_squares
D:9:      cheibrodos_statue_roulette, layout_loops_cross, serial_shops,
          kennysheep_little_box
D:10:     layout_loops_ring, serial_shops,
          nicolae_shop_temple_entry_statues_fountains, chequers_arboretum,
          grunt_ministairs_6, library_closet, wad_floor_pattern_1
D:11:     layout_long_grid, grunt_lair_entry_orc_guard_hut, uniq_psyche
D:12:     layout_gridville, erik_orc_1, basic_altar, gammafunk_ghost_spectres,
          minivault_26
D:13:     layout_loops_ring, david_vaults_5, kennysheep_potato
D:14:     layout_irregular_city, hangedman_decor_opposing, drop_trap
D:15:     grunt_enter_depths_giant_problem, layout_irregular_city,
          chequers_serial_rivers_small_3, serial_bayou_pond_e,
          hangedman_ru_absence
Temple:   roderic_octagonal_lattice_temple
Lair:1:   layout_chaotic_city
Lair:2:   layout_misc_corridors, guppyfry_snake_entry_island,
          gauntlet_entry_generic
Lair:3:   layout_layer_cave, portal_ice_cave_entry_imps, uniq_urug
Lair:4:   kb_forest_paths, layout_regular_city, swamp_mist,
          minmay_lair_oklob_chamber, serial_bayou_shore_a, uniq_nessos
Lair:5:   layout_big_grid, nicolae_volcano_entry_hallway,
          minmay_lair_oklob_items, bh_chokoban, serial_bayou_crossing,
          lemuel_fruit_fields, uniq_snorg
Lair:6:   grunt_lair_end_beastmaster, layout_small_grid, slime_altar_2,
          chequers_serial_rivers_room_b, lemuel_fruit_fields, uniq_rupert
Swamp:1:  layout_basic_swamp, gammafunk_ghost_cemetery,
          nicolae_swamp_round_clearing, swamp_pool5
Swamp:2:  layout_falls_marsh, evilmike_swamp_ruin_house_3, swamp_pool2
Swamp:3:  layout_basic_swamp, evilmike_swamp_ruin_wall,
          cheibrodos_swamp_minitomb, uniq_nikola
Swamp:4:  swamp_alternative, layout_basic_swamp, swamp_pool5
Snake:1:  layout_honeycomb, nrook_guardian_serpent_ordinary, uniq_aizul,
          uniq_agnes, uniq_roxanne
Snake:2:  layout_layer_cave, serial_shops, shop, basic_altar, uniq_frances,
          uniq_asterion
Snake:3:  layout_misc_corridors, gammafunk_ghost_wrathful_warriors,
          serial_shops, shop, shop_fountains, shop, shop, shop
Snake:4:  snake_pit_salamanders_mu, layout_onion_interference, basic_altar,
          uniq_bai_suzhen
Orc:1:    layout_caves, uniq_fannar, uniq_harold, uniq_jorgrun, uniq_sonja,
          uniq_erolcha, uniq_gastronok
Orc:2:    st_orc_ogre_mass, layout_caves
Vaults:1: v_misc_4, vaults_room_pools, ontoclasm_vaults_chip,
          ontoclasm_vaults_idyll, vaults_mumra_minichess,
          nicolae_vaults_what_the_h, hangedman_vaults_trim,
          nicolae_vaults_ring_of_whatevers, nicolae_vaults_asterisk,
          layout_vaults_omnicross
Vaults:2: gammafunk_vaults_ghost_cemetery, nicolae_vaults_big_angled_halls,
          vaults_room_pools, v_misc_18, nicolae_vaults_shelves_hall,
          v_pattern_5, special_room_vaults [special_room_orc], v_misc_17,
          ontoclasm_vaults_ring_square, layout_vaults_chaotic_city
Vaults:3: vaults_dpeg_hooks, ontoclasm_vaults_claustrophobia, serial_ice_h,
          ontoclasm_vaults_chip, ontoclasm_vaults_ring_square,
          grunt_vaults_hallway_short, nicolae_vaults_twisting_passages,
          nicolae_vaults_alarming, minmay_crypt_entry_simple_walls,
          layout_vaults_quadrants, serial_shops, shop, uniq_boris
Vaults:4: hangedman_vaults_slither, v_misc_28, vaults_room_boxed,
          grunt_vaults_diagonal, ontoclasm_vaults_spin,
          nicolae_vaults_windows_and_doors_thing, vaults_room_pools,
          nicolae_vaults_hallways_thing, hangedman_vaults_cutoff, v_misc_13,
          st_smaller_cells, ontoclasm_vaults_idyll, vaults_room_pool,
          layout_vaults_maze, mu_enter_wizlab_4, serial_shops,
          nicolae_shop_statue_plus
Depths:1: layout_gridlike, hellmouth_1, eino_curves_02,
          hangedman_abyss_or_decor_stabs, hangedman_corner_corridor
Depths:2: minmay_octo_star, layout_basic, enter_ziggurat_d, serial_shops,
          nicolae_shop_window_shopping, kennysheep_mini, shop, pan_entry,
          grunt_hell_horde, minmay_hedge_maze, chequers_serial_rivers_micro_c
Depths:3: minmay_spriggan_fort, layout_cave_shapes,
          infiniplex_staircase_pillars_3b, rand_demon_pan_entry_8,
          hangedman_coc_ice_floe, minmay_shop_star, firewood_loft, uniq_mennas
Depths:4: hangedman_pleasuredromes, abyss_entry, hell_entry
Depths:5: grunt_zot_entry_bicorn, layout_cave_pools, pan_entry, hell_entry,
          uniq_margery
Zot:1:    layout_basic
Zot:2:    layout_misc_corridors
Zot:3:    layout_basic
Zot:4:    layout_gridlike, ebering_ghost_inner_flame
Zot:5:    layout_onion, uniq_tiamat

Skill      XL: |  1  2  3  4  5  6  7  8  9 10 11 12 13 14 15 16 17 18 19 20 21 22 23 24 25 26 27 |
---------------+----------------------------------------------------------------------------------+-----
Maces & Flails | 4 5 6 7 9 10 13 14 17 18 20 | 20.0
Fighting       | 5 8 9 11 15 16 20 22 23 24 26 | 26.9
Armour         | 5 8 12 13 14 15 16 19 22 | 22.5
Shields        | 10 12 13 14 15 17 20 22 25 | 25.0
Invocations    | 1 6 9 |  9.2
Throwing       | 1 3 6 |  6.6
Earth Magic    | 7 |  7.4
Spellcasting   | 5 |  5.6
Transmutations | 5 |  5.1
Translocations | 4 8 |  8.4
Stealth        | 5 10 11 | 11.4
Dodging        | 10 | 10.4

Action                   |  1- 3 |  4- 6 |  7- 9 | 10-12 | 13-15 | 16-18 | 19-21 | 22-24 | 25-27 || total
-------------------------+-------+-------+-------+-------+-------+-------+-------+-------+-------++-------
Melee: Flail             |    51 |   161 |    45 |       |       |       |   149 |       |       ||   406
       Mace              |       |       |   413 |  1093 |  1903 |   574 |  1412 |       |       ||  5395
       Great mace        |       |       |       |       |       |  1096 |       |       |       ||  1096
       Demon whip        |       |       |       |       |       |       |   269 |  1527 |  3214 ||  5010
       Sacred scourge    |       |       |       |       |       |       |       |    46 |     9 ||    55
Throw: Stone             |     2 |       |       |       |       |       |       |       |       ||     2
       Dart              |     1 |    25 |    38 |    66 |    91 |       |       |       |       ||   221
       Javelin           |       |       |       |     3 |       |     6 |    61 |    30 |     2 ||   102
       Boomerang         |       |       |       |       |       |   217 |   134 |   154 |   131 ||   636
 Cast: Apportation       |       |       |       |       |       |       |       |     2 |     1 ||     3
       Lesser Beckoning  |       |       |       |       |       |       |       |     2 |       ||     2
Invok: Heroism           |       |       |       |     5 |    13 |     4 |     2 |       |       ||    24
       Finesse           |       |       |       |     1 |     5 |     8 |     4 |     5 |     3 ||    26
 Abil: Fly               |       |       |       |       |       |       |     1 |       |       ||     1
       Stop Flying       |       |       |       |       |       |       |     1 |       |       ||     1
Evoke: Wand              |       |       |     5 |    28 |     4 |     4 |       |       |       ||    41
  Use: Potion            |       |     4 |       |     7 |     2 |     3 |       |     3 |     7 ||    26
       Scroll            |       |     5 |     6 |    13 |     7 |    17 |     6 |    22 |    12 ||    88
 Stab: Sleeping          |       |     4 |       |       |       |       |       |       |     2 ||     6
       Invisible         |       |     1 |       |       |       |     1 |       |       |       ||     2
       Confused          |       |       |       |       |     1 |     1 |     1 |       |       ||     3
       Petrified         |       |       |       |       |       |     4 |       |       |       ||     4
       Paralysed         |       |       |       |       |       |     1 |       |       |       ||     1
       Distracted        |       |       |       |       |       |       |       |       |     3 ||     3
  Eat: Chunk             |       |     6 |    13 |    18 |    37 |    16 |    21 |    20 |    23 ||   154
       Ration            |       |       |     1 |     4 |     2 |     6 |     1 |     4 |     6 ||    24
Armor: Scale mail        |    34 |   120 |     1 |       |       |       |       |       |       ||   155
       Plate armour      |       |       |   235 |   540 |   636 |  1337 |       |       |       ||  2748
       Chain mail        |       |       |       |       |       |   123 |   446 |   230 |   419 ||  1218
Dodge: Dodged            |    18 |    61 |    78 |   169 |   294 |   751 |   219 |   107 |   243 ||  1940
       Deflected         |       |       |       |       |       |       |       |     6 |     2 ||     8
Block: Kite shield       |    32 |   105 |   200 |   599 |  1154 |   134 |       |       |       ||  2224
       Reflection        |       |       |       |     9 |       |    30 |   163 |    77 |    86 ||   365
       Tower shield      |       |       |       |       |       |   555 |  2281 |  1439 |  2788 ||  7063

Table legend:
 A = Non-vault XP
 B = Vault XP
 C = Vault XP percentage of total XP
 D = Non-vault monster count
 E = Vault monster count
 F = Vault count percentage of total count
                 A         B        C        D         E       F
            +---------+---------+-------+---------+---------+-------
      Total | 1072462 |  583345 |  35.2 |    1990 |     732 |  26.9
            +---------+---------+-------+---------+---------+-------
        D:1 |       9 |       0 |   0.0 |       5 |       0 |   0.0
        D:2 |     194 |     197 |  50.4 |      31 |       1 |   3.1
        D:3 |      71 |       0 |   0.0 |      16 |       0 |   0.0
        D:4 |     218 |       0 |   0.0 |      10 |       0 |   0.0
        D:5 |     113 |      39 |  25.7 |       9 |       3 |  25.0
        D:6 |     984 |    3488 |  78.0 |      33 |       9 |  21.4
        D:7 |     856 |       0 |   0.0 |      22 |       0 |   0.0
        D:8 |     759 |     854 |  52.9 |      16 |      11 |  40.7
        D:9 |    2486 |    2058 |  45.3 |      32 |       5 |  13.5
       D:10 |    1739 |     243 |  12.3 |      12 |       2 |  14.3
       D:11 |    4163 |    1049 |  20.1 |      30 |       6 |  16.7
       D:12 |    7887 |    4285 |  35.2 |      41 |      25 |  37.9
       D:13 |    7082 |    1402 |  16.5 |      20 |       3 |  13.0
       D:14 |    7255 |       0 |   0.0 |      29 |       0 |   0.0
       D:15 |   13855 |    1699 |  10.9 |      34 |       1 |   2.9
     Lair:1 |    5347 |       0 |   0.0 |      26 |       0 |   0.0
     Lair:2 |    2216 |       0 |   0.0 |       8 |       0 |   0.0
     Lair:3 |    3820 |    1080 |  22.0 |      10 |      14 |  58.3
     Lair:4 |    6318 |    6583 |  51.0 |      21 |      22 |  51.2
     Lair:5 |    7862 |    1112 |  12.4 |      31 |       1 |   3.1
     Lair:6 |   14899 |   12417 |  45.5 |      46 |      21 |  31.3
    Swamp:1 |   13175 |    4309 |  24.6 |      37 |       5 |  11.9
    Swamp:2 |    9089 |       0 |   0.0 |      31 |       0 |   0.0
    Swamp:3 |   24611 |    5254 |  17.6 |      45 |       9 |  16.7
    Swamp:4 |    8603 |   21348 |  71.3 |      30 |      25 |  45.5
    Snake:1 |    5339 |    2501 |  31.9 |      14 |       3 |  17.6
    Snake:2 |   15838 |    4820 |  23.3 |      34 |       2 |   5.6
    Snake:3 |   24934 |       0 |   0.0 |      46 |       0 |   0.0
    Snake:4 |   23839 |   59299 |  71.3 |      49 |      73 |  59.8
      Orc:1 |    1953 |    4116 |  67.8 |      39 |       3 |   7.1
      Orc:2 |    4535 |   19720 |  81.3 |      35 |      40 |  53.3
   Vaults:1 |   34816 |   14704 |  29.7 |      50 |      20 |  28.6
   Vaults:2 |   42324 |   15269 |  26.5 |      79 |      40 |  33.6
   Vaults:3 |   16947 |   12257 |  42.0 |      27 |      12 |  30.8
   Vaults:4 |   35505 |   38531 |  52.0 |      48 |      49 |  50.5
   Depths:1 |   36046 |    8893 |  19.8 |      46 |      10 |  17.9
   Depths:2 |   46962 |   24996 |  34.7 |      59 |      20 |  25.3
   Depths:3 |   49355 |   26435 |  34.9 |      56 |      37 |  39.8
   Depths:4 |     764 |  110529 |  99.3 |       3 |      88 |  96.7
   Depths:5 |   42085 |   35274 |  45.6 |      45 |      20 |  30.8
      Zot:1 |   36647 |       0 |   0.0 |      24 |       0 |   0.0
      Zot:2 |   57677 |       0 |   0.0 |      37 |       0 |   0.0
      Zot:3 |   47162 |       0 |   0.0 |      23 |       0 |   0.0
      Zot:4 |   67004 |       0 |   0.0 |      33 |       0 |   0.0
      Zot:5 |   23831 |   37321 |  61.0 |      12 |      12 |  50.0
    Abyss:1 |   38931 |       0 |   0.0 |      65 |       0 |   0.0
    Abyss:2 |  122543 |    3012 |   2.4 |     278 |       6 |   2.1
    Abyss:3 |  152675 |    7374 |   4.6 |     260 |      13 |   4.8
      IceCv |       0 |   13477 | 100.0 |       0 |      56 | 100.0
     WizLab |    1139 |   77400 |  98.5 |       3 |      65 |  95.6
            +---------+---------+-------+---------+---------+-------
